 Dungeon Crawl Stone Soup version 0.18-a0-1372-gd644665 (webtiles) character file.

18 Duffy the Firebug (level 2, 0/20 HPs)
             Began as a Draconian Fire Elementalist on Feb 21, 2016.
             Slain by a hobgoblin
             ... wielding a +0 club
             ... led by Robin
              (6 damage)
             ... on level 2 of the Dungeon.
             The game lasted 00:01:19 (1041 turns).

Duffy the Firebug (Draconian Fire Elementalist)     Turns: 1041, Time: 00:01:19

Health: 0/20       AC:  4    Str: 10    XL:     2   Next: 51%
Magic:  5/5        EV:  7    Int: 15    God:
Gold:   10         SH:  0    Dex: 11    Spells: 1 memorised, 4 levels left

rFire  . . .     SeeInvis .     (no weapon)
rCold  . . .     Gourm    .     (armour unavailable)
rNeg   . . .     Faith    .     (no shield)
rPois  .         Spirit   .     (helmet restricted)
rElec  .         Dismiss  .     (no cloak)
rCorr  .         Reflect  .     (no gloves)
SustAt .         Harm     .     (no boots)
MR     .....                    (no amulet)
Stlth  ++........               (no ring)
                                (no ring)

@: not resistant to hostile enchantments, unstealthy
A: unfitting armour, cold-blooded, AC +4
a: no special abilities


You were on level 2 of the Dungeon.
You were not hungry.

You visited 1 branch of the dungeon, and saw 2 of its levels.

You collected 10 gold pieces.


Innate Abilities, Weirdness & Mutations

Your plain brown scales are hard (AC +4).
Your body does not fit into most forms of armour.
You are cold-blooded and may be slowed by cold attacks.


   Skills:
 - Level 1.7 Dodging
 - Level 1.7 Stealth
 - Level 2.0 Spellcasting
 + Level 2.6 Conjurations
 - Level 3.0 Fire Magic


You had 4 spell levels left.
You knew the following spells:

 Your Spells              Type           Power        Failure   Level  Hunger
a - Flame Tongue          Conj/Fire      #....        10%         1    #......

Inventory:

Scrolls
 h - 3 scrolls of magic mapping {unknown}
 i - a scroll of teleportation {unknown}
 l - a scroll of remove curse {unknown}
Potions
 c - a potion of mutation {unknown}
 d - a potion of degeneration {unknown}
 e - a potion of agility {unknown}
 f - a potion of heal wounds {unknown}
 g - a potion of brilliance {unknown}
 j - a potion of curing {unknown}
 k - a potion of beneficial mutation {unknown}
Books
 a - a book of Flames
Comestibles
 b - 2 bread rations
 m - a chunk of flesh

Dungeon Overview and Level Annotations

Branches:
Dungeon (2/15)

Altars:

Annotations:
D:2 Robin


Message History

The flame tongue hits the goblin.
You kill the goblin!
Things that are here:
an uncursed dagger; an uncursed hunting sling; 20 stones Magic restored.
You are feeling hungry.
You see here a hobgoblin corpse.
You butcher the hobgoblin corpse.
m - 2 chunks of flesh Eating one of 2 chunks of flesh.
This raw flesh tastes terrible.
You continue eating. x2
HP restored.
Done exploring.
Things that are here:
a club; a hobgoblin corpse
There is a stone staircase leading down here.
You see here a stone.
n - a stone You drop a stone.
There is a stone staircase leading down here.
You climb downwards.
Level annotation: Robin A gnoll comes into view.
The hobgoblin hits you. The giant gecko bites you.
The goblin wields a hunting sling.
The goblin shoots a stone.
The stone closely misses you.
The stone misses the kobold.
The hobgoblin hits you with a club. The kobold hits you but does no damage.
Robin roars a battlecry!
The goblins go into a battle-frenzy!
You hear a shout! x2
There is a stone staircase leading up, spattered with blood here.
The giant gecko bites you. The kobold barely misses you.
The hobgoblin hits you. The hobgoblin barely misses you.
The hobgoblin hits you with a club.
You die...

...........####
...............
#.............
##.........!...
.............
...........#
....g.glg..##
.....gg@....#
##....ggK(.$#
#.....#..#.#
####.. ......
#.# .##.. . ..
.# #... ... ..
... #... .. ..


You could see Robin, a gnoll, a giant gecko, 3 hobgoblins, 2 goblins and a
kobold.

Action                   || total
-------------------------++-------
 Cast: Flame Tongue      ||    30
  Eat: Chunk             ||     1

Notes
Turn   | Place    | Note
--------------------------------------------------------------
     0 | D:1      | Duffy the Draconian Fire Elementalist began the quest for the Orb.
     0 | D:1      | Reached XP level 1. HP: 14/14 MP: 3/3
   283 | D:1      | Reached skill level 2 in Conjurations
   348 | D:1      | Reached XP level 2. HP: 20/20 MP: 1/5
   848 | D:2      | Noticed Robin
  1041 | D:2      | Slain by a hobgoblin

Vault maps used:
D:1:      dpeg_arrival_lava_temple_mockup, serial_glass, glass_columns_a,
          glass_columns_c, glass_columns_b, glass_columns_c, glass_columns_a,
          glass_columns_a, glass_columns_b, glass_columns_b
D:2:      uniq_terence, uniq_natasha, uniq_robin

Vanquished Creatures
  3 bats
  7 goblins
  2 hobgoblins
  A giant newt
  4 kobolds
  A rat
18 creatures vanquished.
